[Event "*** Titled Tuesday Blitz"]
[Site "Chess.com"]
[Date "2020.05.12"]
[Round "5"]
[White "Meri-Arabidze"]
[Black "DrVelja"]
[Result "1-0"]
[WhiteElo "2584"]
[BlackElo "2728"]
[TimeControl "180+1"]
[EndTime "10:57:04 PDT"]
[Termination "Meri-Arabidze won by checkmate"]

1. Nf3 Nf6 2. d4 g6 3. c4 Bg7 4.
Nc3 O-O 5. g3 d6 6. Bg2 c6 7.
O-O Bf5 8. Ne1 Be6 9. b3 d5 10. Nd3 dxc4 11. Nf4 Qc8 12. Ba3 Re8 13. Nxe6 Qxe6 14.
Rb1 Nbd7 15. d5 cxd5 16. Nxd5 Nxd5 17. Bxd5 Qa6 18. Bxc4 Qxa3 19. Qxd7 Qxa2 20. Qxb7 a5 21. Qe4 e6 22. Rbd1 Rad8 23. Rd3 Rxd3 24. Qxd3 Qa3 25. Bb5 Rb8 26. Ba4 Qc5 27. e3 h5 28.
h4 Bf6 29. Rd1 Kg7 30. Qd6 Qa7 31. Qd7 Rb7 32. Qe8 Re7 33. Qc6 Rc7 34. Qe8 Qb7 35. Qb5 Qf3 36. Rf1 Bc3 37. Rc1 Qf6 38. Qe2 Rc5 39. Rc2 Rd5 40. Kg2 Rd6 41.
e4 Qd4 42. Bb5 Bb4 43. Ba4 Qa1 44. e5 Rd1 45. Qf3 Rh1 46. Qf6+ Kg8 47. Rc8+ Bf8 48. Rxf8+ Kxf8 49. Qd8+ Kg7 50. Qf6+ Kg8 51. Be8 Rg1+ 52. Kf3 Qd1+ 53. Kf4 Qd4+ 54. Kg5 Qd2+ 55. f4 Rxg3+ 56. Kh6 Rg4 57. Qg7# 1-0

[Event "*** Titled Tuesday Blitz"]
[Site "Chess.com"]
[Date "2020.05.12"]
[Round "5"]
[White "Oneofmyturns"]
[Black "gross-aleks"]
[Result "0-1"]
[WhiteElo "2643"]
[BlackElo "2483"]
[TimeControl "180+1"]
[EndTime "10:57:04 PDT"]
[Termination "gross-aleks won by resignation"]

1. d4 Nf6 2. c4 e6 3. Nc3 Bb4 4.
Nf3 Ne4 5. Qd3 f5 6. Nd2 Nxc3 7. bxc3 Be7 8. g3 O-O 9. Bg2 d6 10. e4 Nc6 11. O-O e5 12. Re1 f4 13. gxf4 Rxf4 14. Nf1 Rf7 15. Be3 Bg5 16. Ng3 b6 17. c5 dxc5 18.
d5 Bxe3 19. fxe3 Na5 20. Rf1 Bd7 21. Rxf7 Kxf7 22. Rf1+ Kg8 23. Qe2 Qe7 24. Qh5 g6 25. Qh6 Nc4 26. Rf2 Rf8 27. Bf1 Rxf2 28. Kxf2 Nd6 29.
Kg1 Qf6 30. Bh3 Bxh3 31. Qxh3 Kg7 32. Qd7+ Qf7 33. Qc6 h5 34. Kg2 a5 35. h4 Qe7 36. a4 Kh6 37. Qa8 Kg7 38. Qb8 Nc4 39. Nf1 Qf7 40. Qd8 Nd2 41. Ng3 g5 42. Qxg5+ Qg6 43.
Nxh5+ Kf7 44. Qxg6+ Kxg6 45. Ng3 Nb1 46. c4 Nc3 47. Kh3 Nxa4 48. Kg4 Nc3 49. h5+ Kf7 50. Kf5 a4 51. h6 a3 52. Nh5 Kg8 53. Nf6+ Kh8 54.
Nd7 a2 55. Nxe5 a1=Q 56. Kg6 Qg1+ 57. Kf6 Nxe4+ 58. Kf7 Kh7 59. Ke6 Nd6 60. Kd7 Qg5 61. Nc6 Nxc4 62. Kxc7 Qxh6 63. e4 Qd6+ 64. Kb7 b5 65.
Nb8 b4 66. Na6 b3 0-1

[Event "*** Titled Tuesday Blitz"]
[Site "Chess.com"]
[Date "2020.05.12"]
[Round "5"]
[White "grunbergmihai"]
[Black "CyberneticLion"]
[Result "1/2-1/2"]
[WhiteElo "2402"]
[BlackElo "2541"]
[TimeControl "180+1"]
[EndTime "10:57:05 PDT"]
[Termination "Game drawn by stalemate"]

1. Nf3 d5 2. c4 e6 3. g3 Nf6 4.
Bg2 c6 5. O-O Be7 6. d4 O-O 7.
Qc2 Nbd7 8. Rd1 b6 9. b3 Ba6 10.
a4 Rc8 11. a5 Bb7 12. axb6 axb6 13. Nc3 c5 14. Bb2 dxc4 15. bxc4 cxd4 16. Rxd4 Bc5 17.
Rh4 h6 18. Ra7 Ba8 19. Nb5 Qe7 20. Ne5 Bxg2 21. Kxg2 Qd8 22. Nxd7 Nxd7 23. Rf4 Ra8 24.
Rf3 Rxa7 25. Nxa7 Qb8 26. Nb5 Ne5 27. Qc3 f6 28. Rf4 Qb7+ 29. f3 Rd8 30. Re4 Rd1 31.
e3 Rd3 32. Qc2 Rxe3 33. Bxe5 Rxe4 34. Qxe4 Qxe4 35. fxe4 fxe5 36. Kf3 Kf7 37. Kg4 g6 38. Kf3 h5 39. h4 Ke7 40. g4 Kd7 41. gxh5 gxh5 42.
Nc3 Be7 43. Kg3 Kc6 44. Na4 Bd8 45. Kh3 Be7 46. Kg3 Bb4 47. Nb2 Kc5 48. Na4+ Kxc4 49. Nxb6+ Kd4 50. Kf3 Be1 51. Nd7 Bxh4 52. Nf8 Bf6 53.
Nxe6+ Kd3 54. Nf4+ exf4 55. Kxf4 Ke2 56. Kg3 Ke3 57. e5 Be7 58. e6 Ke4 59. Kh3 Kf5 60. Kg3 Kg5 61. Kh3 h4 62. Kg2 Kh5 63. Kh2 Kg4 64. Kg2 h3+ 65. Kh2 Bd6+ 66. Kh1 Kg3 67. Kg1 Bc5+ 68. Kh1 h2 69. e7 Bxe7 1/2-1/2

[Event "*** Titled Tuesday Blitz"]
[Site "Chess.com"]
[Date "2020.05.12"]
[Round "5"]
[White "Spartakus1975"]
[Black "Vaathi_Coming"]
[Result "0-1"]
[WhiteElo "2723"]
[BlackElo "2867"]
[TimeControl "180+1"]
[EndTime "10:57:06 PDT"]
[Termination "Vaathi_Coming won on time"]

1. e4 c5 2. c3 Nf6 3. e5 Nd5 4. Nf3 Nc6 5. d4 cxd4 6. cxd4 d6 7. Bc4 dxe5 8. dxe5 Ndb4 9. O-O Qxd1 10. Rxd1 Bg4 11. e6 Bxe6 12. Bxe6 fxe6 13. Nc3 Rd8 14. Rxd8+ Nxd8 15. Be3 Ndc6 16. Rd1 g6 17. Ng5 Bh6 18. Nxe6 Bxe3 19.
fxe3 Kf7 20. Ng5+ Ke8 21. a3 Na6 22. Nd5 h6 23. Ne4 Kf7 24. Kf2 Rd8 25. Ke2 g5 26.
b4 Nab8 27. Nc5 b6 28. Ne4 Ke6 29. Nc7+ Ke5 30. Nd2 Kd6 31. Nb5+ Ke6 32. Rc1 a6 33. Nc7+ Kd6 34. Nxa6 Nxa6 35. b5 Nc5 36. Nc4+ Kc7 37.
bxc6 Kxc6 38. Ne5+ Kb7 39. Nf7 Ra8 40. Rc2 h5 41. Rc3 g4 42. Ng5 Ra5 43. Nf7 Ne4 44. Rd3 Nc5 45. Rc3 Rb5 46. Rc2 Rb3 47. h3 gxh3 48.
gxh3 Rxa3 49. Ne5 Rb3 50. Nc4 Rb1 51. Ne5 Rb4 52. Kf3 Ka6 53. Ng6 e6 54. Nf4 h4 55.
Ng6 Kb5 56. Nf4 Rb3 57. Rd2 e5 58. Ng6 e4+ 59. Kf4 Kc4 60. Nxh4 b5 61. Nf5 b4 62.
Nd6+ Kc3 63. Rd4 Nd3+ 64. Kxe4 Nf2+ 65. Kd5 Rb1 0-1

[Event "*** Titled Tuesday Blitz"]
[Site "Chess.com"]
[Date "2020.05.12"]
[Round "5"]
[White "Bubar"]
[Black "letantha"]
[Result "1/2-1/2"]
[WhiteElo "2324"]
[BlackElo "2161"]
[TimeControl "180+1"]
[EndTime "10:57:06 PDT"]
[Termination "Game drawn by repetition"]

1. d4 Nf6 2. Nf3 e6 3. c4 Bb4+ 4. Nbd2 b6 5. g3 Bb7 6. Bg2 O-O 7. O-O Re8 8. d5 exd5 9. Nh4 Bf8 10. cxd5 Bxd5 11.
e4 Bc6 12. Re1 d6 13. Nf5 Nfd7 14. Nd4 Bb7 15. Nc4 Nc5 16. Qc2 a5 17. Bf4 Nbd7 18.
Rad1 Ne6 19. Nxe6 Rxe6 20. Ne3 Nc5 21. Nd5 Bxd5 22. exd5 Rxe1+ 23. Rxe1 Qd7 24. Bf1 Re8 25. Rc1 g6 26. a3 a4 27. Be3 Qg4 28. Bxc5 dxc5 29.
Bb5 Re5 30. Bxa4 Rxd5 31. Bc6 Re5 32. Kg2 Bd6 33. Bf3 Qf5 34. Qd2 h5 35. h4 Kg7 36. Rc4 Re6 37. Bd5 Rf6 38. f4 Qg4 39.
Bf3 Qe6 40. Re4 Qf5 41. Qe2 Re6 42. Rxe6 Qxe6 43. Qd3 Qf6 44. b3 Qb2+ 45. Kh3 Qxa3 46. f5 Qb2 47. fxg6 fxg6 48. Bd5 Qf6 49. Qe4 Qf5+ 50.
Qxf5 gxf5 51. Kg2 Kf6 52. Kf3 b5 53. Bc6 Be5 54. Bxb5 Bd4 55. Bd3 Be5 56. Bc4 Bd6 57. Bf1 Be5 58. Ba6 Bd6 59. Bb5 Be5 60. Be8 Bc3 61.
Bxh5 Be1 62. Be8 Bd2 63. Bb5 Ke5 64. Bd3 f4 65. g4 Be1 66. h5 Bh4 67. h6 Kf6 68.
Kxf4 Bg5+ 69. Ke4 Bxh6 70. Kd5 Be3 71. Kc6 Kg5 72. Bf5 Bf2 73. Kxc7 Be3 74. Kc6 Bf2 75. Kd5 Be3 76. Be6 Bg1 77. Ke4 Bf2 78.
Kf3 Bg1 79. Ke2 Bd4 80. Bd7 Bf6 81. Kd3 Be7 82. Kc4 Bf8 83. Bf5 Be7 84. Kd5 Bf8 85. Ke6 Bg7 86. Ke7 Bd4 87. Ke6 Bg1 88. Kd5 Bf2 89.
Ke4 Bg1 90. Bd7 Bf2 91. Kf3 Bg1 92. Be6 Bd4 93. Ke4 Bg7 94. Kd5 Bf8 95. Kc6 Be7 96.
Kd7 Bf8 97. Ke8 Bg7 98. Ke7 Bd4 99. Kd6 Bg1 100. Kd5 Bf2 101. Ke4 Bg1 102. Kd3 Bf2 103. Ke2 Bg1 104. Kd3 Bf2 105. b4 cxb4 106. Kc4 Be1 107. Kb3 Bc3 108. Kc4 Kf4 109. Kb3 Kg5 110. Bc8 Kf4 111. Kc4 Kg5 112. Kb3 Kf4 113. Kc4 Kg5 114. Kb3 1/2-1/2

[Event "*** Titled Tuesday Blitz"]
[Site "Chess.com"]
[Date "2020.05.12"]
[Round "5"]
[White "binbin239"]
[Black "Piotrek1979"]
[Result "0-1"]
[WhiteElo "2478"]
[BlackElo "2349"]
[TimeControl "180+1"]
[EndTime "10:57:08 PDT"]
[Termination "Piotrek1979 won by checkmate"]

1. d4 Nf6 2. c4 c5 3. Nf3 cxd4 4.
Nxd4 Nc6 5. Nc3 d6 6. g3 g6 7.
Bg2 Bd7 8. O-O Bg7 9. b3 O-O 10. Bb2 Qa5 11. Nd5 Nxd5 12. Bxd5 Rfc8 13. a3 Qb6 14.
Nxc6 bxc6 15. Bxg7 cxd5 16. Bd4 Qb7 17. cxd5 Qxd5 18.
Be3 Qb7 19. f3 Rc3 20. Qd4 Rxb3 21. Rfc1 Qb6 22. Qxb6 axb6 23. Kf2 Ra7 24. h4 h5 25. Rc2 f6 26. Rac1 Raxa3 27. Bd2 Kf7 28. Rc7 Bb5 29.
Bf4 Ra2 30. R1c2 Rbb2 31. Rxb2 Rxb2 32. Bxd6 Rxe2+ 33. Kg1 g5 34. Bb4 Bd3 35. Rd7 Bc4 36.
Rc7 b5 37. hxg5 fxg5 38. Rc5 Kg6 39. Rc6+ Kf5 40. Rc5+ e5 41. Rc8 g4 42. Rf8+ Kg6 43. fxg4 hxg4 44. Re8 Kf5 45. Rf8+ Ke4 46. Rg8 Kf3 47.
Re8 Kxg3 48. Re7 Rg2+ 49. Kh1 Bd5 50. Be1+ Kf4 51. Rf7+ Ke3 52. Rd7 Be4 53. Re7 Re2+ 54. Kg1 Rxe1+ 55. Kh2 Re2+ 56. Kg3 Rg2+ 57. Kh4 Rg1 58.
Rxe5 g3 59. Rxb5 g2 60. Rb3+ Kf4 61. Rh3 Rh1 62. Kh5 Rxh3# 0-1

[Event "*** Titled Tuesday Blitz"]
[Site "Chess.com"]
[Date "2020.05.12"]
[Round "5"]
[White "Durarbayli"]
[Black "Quaternitychess"]
[Result "0-1"]
[WhiteElo "2779"]
[BlackElo "2628"]
[TimeControl "180+1"]
[EndTime "10:57:09 PDT"]
[Termination "Quaternitychess won on time"]

1. e4 d6 2. d4 Nf6 3. Nc3 Nbd7 4. Nf3 e5 5. g3 g6 6. Bg2 Bg7 7. O-O O-O 8. Re1 c6 9. a4 a5 10. h3 Re8 11. Be3 exd4 12. Bxd4 Qc7 13. Qd2 Ne5 14.
Kh2 Be6 15. Rad1 Rad8 16. Qe3 Nc4 17. Qf4 Nh5 18. Qc1 Ne5 19. b3 h6 20. Qe3 c5 21.
Bxe5 dxe5 22. Nb5 Qb8 23. Nd2 b6 24. Bf1 Nf6 25. Bc4 Bd7 26. Nb1 Bc6 27. N1c3 Rd4 28. Qf3 h5 29. Nd5 Bxd5 30. Bxd5 Rxd1 31. Rxd1 Rd8 32.
c4 Rd7 33. Rd3 Qd8 34. Nc3 h4 35. g4 Kf8 36. Qe3 Nh7 37. Ne2 Ng5 38. f4 exf4 39.
Nxf4 Be5 40. Kg2 Qf6 41. Ne2 Kg7 42. Rd1 Qe7 43. Rf1 Rd6 44. Qf2 Rf6 45. Qxh4 Rxf1 46. Kxf1 Qf6+ 47. Qf2 Nxh3 48. Qxf6+ Kxf6 49. Kg2 Ng5 50. Kf2 Bd4+ 51. Kg3 Ke5 52. Nc1 Nxe4+ 53. Kf3 Ng5+ 54. Ke2 Bg1 55. Nd3+ Kd4 56. Bc6 Bh2 57. Be8 Kc3 58. Ke3 Kxb3 59. Bb5 Bd6 60. Nf4 f5 0-1

[Event "*** Titled Tuesday Blitz"]
[Site "Chess.com"]
[Date "2020.05.12"]
[Round "5"]
[White "SARGISMV"]
[Black "talaicito"]
[Result "0-1"]
[WhiteElo "2405"]
[BlackElo "2246"]
[TimeControl "180+1"]
[EndTime "10:57:10 PDT"]
[Termination "talaicito won by checkmate"]

1. c4 e6 2. Nc3 f5 3. d4 Bb4 4. Qc2 Nf6 5. f3 O-O 6. a3 Bxc3+ 7. Qxc3 a5 8. e3 d6 9. Bd3 Nc6 10. Ne2 e5 11. Bd2 e4 12. Bc2 d5 13. Bb3 Be6 14.
Nf4 Bf7 15. h4 a4 16. Ba2 dxc4 17. Bxc4 Na5 18. Bxf7+ Rxf7 19. Rd1 exf3 20. gxf3 Nd5 21. Nxd5 Qxd5 22. Kf2 Nc4 23. Rdg1 b5 24. h5 Re8 25.
Bc1 c5 26. Rh4 f4 27. e4 Qxd4+ 28. Qxd4 cxd4 29. Rxf4 d3 30. Rxf7 Kxf7 31. Rd1 Rd8 32. Bg5 Rd7 33. Be3 Nxb2 34. Rb1 Nc4 35. Rxb5 d2 36.
Bxd2 Rxd2+ 37. Kg3 Nxa3 38. Rb7+ Kf6 39. Rb6+ Ke5 40.
Rb5+ Ke6 41. Rb6+ Rd6 42. Rb7 Nc4 43. Rxg7 Ra6 44. Rxh7 Ke5 45. Re7+ Kd4 46. Rd7+ Ke3 47. h6 Rxh6 48. Ra7 a3 49. Kg4 Rb6 50. Ra4 Kd3 51. f4 Rb2 52. e5 a2 53. e6 Nd6 54.
f5 Rg2+ 55. Kh5 Nxf5 56. Ra3+ Kc4 57. Ra5 Kb3 58. Rb5+ Kc4 59. Ra5 Kb4 60. Ra7 Kb3 61. Rb7+ Kc2 62. Ra7 Kb1 63. Rb7+ Rb2 64. Ra7 a1=Q 65.
Rxa1+ Kxa1 66. Kg6 Ne7+ 67. Kf7 Rb7 68. Ke8 Kb2 69.
Kd8 Kc3 70. Ke8 Kd4 71. Kd8 Ke5 72. Ke8 Kxe6 73. Kd8 Nc6+ 74. Kc8 Rb6 75. Kc7 Ra6 76. Kb7 Ra2 77. Kb6 Rc2 78. Kc7 Ne7+ 79. Kd8 Rc8# 0-1

[Event "*** Titled Tuesday Blitz"]
[Site "Chess.com"]
[Date "2020.05.12"]
[Round "5"]
[White "Andrei_Belozerov"]
[Black "crescentmoon2411"]
[Result "0-1"]
[WhiteElo "2593"]
[BlackElo "2806"]
[TimeControl "180+1"]
[EndTime "10:57:11 PDT"]
[Termination "crescentmoon2411 won on time"]

1. e4 c6 2. d4 d5 3. Nd2 dxe4 4. Nxe4 Nf6 5. Nxf6+ exf6 6. c3 Bd6 7. Bd3 Qe7+ 8. Ne2 Bg4 9. f3 Bh5 10. O-O O-O 11.
Ng3 Bg6 12. Nf5 Qc7 13. g3 Nd7 14. Nxd6 Qxd6 15. Bf4 Qd5 16. Bxg6 hxg6 17. Qb3 Nb6 18. Qxd5 Nxd5 19. Bd2 Rfe8 20. Kf2 Nc7 21. Rfe1 Ne6 22. a4 a5 23. h4 Red8 24. Rad1 Rd7 25. g4 Rad8 26.
Be3 c5 27. Rd2 f5 28. gxf5 gxf5 29. Bg5 Nxg5 30. hxg5 cxd4 31. Red1 d3 32. Ke3 Re8+ 33. Kf4 Rc7 34. Rxd3 Re2 35. Rd8+ Kh7 36. R1d7 Rc4+ 37. Kg3 Kg6 38. Rf8 Kxg5 39. Rfxf7 g6 40. Rd6 Rh4 41. f4+ Rxf4 42. Rff6 Re3+ 43. Kg2 Rxa4 44. Rxg6+ Kf4 45. Rh6 Re2+ 46. Kf1 Rae4 47. Rh4+ Ke3 48. Rxe4+ fxe4 49. Rb6 Rf2+ 50. Kg1 Rf7 51. Rb5 Kd2 52. Rd5+ Ke2 53. Rxa5 e3 54. Rd5 Ke1 55. c4 Rg7+ 56. Kh2 e2 57. c5 Kf2 58. Rf5+ Ke3 59. Re5+ Kf2 60.
Rf5+ Ke1 61. b4 Re7 62. Kg2 Kd2 63. Rd5+ Kc3 64. b5 e1=Q 0-1

[Event "*** Titled Tuesday Blitz"]
[Site "Chess.com"]
[Date "2020.05.12"]
[Round "5"]
[White "AnthonyWirig"]
[Black "marianokar"]
[Result "0-1"]
[WhiteElo "2588"]
[BlackElo "2393"]
[TimeControl "180+1"]
[EndTime "10:57:11 PDT"]
[Termination "marianokar won by resignation"]

1. d4 Nf6 2. Bg5 d5 3. Bxf6 exf6 4. e3 c6 5. c4 dxc4 6. Bxc4 Bd6 7. Nc3 O-O 8. Nf3 f5 9. O-O Nd7 10. Bb3 Nf6 11. Rc1 Re8 12. h3 Ne4 13. Qd3 Qe7 14.
a3 Bd7 15. Ba2 Rad8 16. Rfd1 Bc8 17. Nd2 Bb8 18. Nf3 g5 19. Nd2 Kg7 20. Nf1 h5 21. Ne2 g4 22. Nf4 Qg5 23. g3 h4 24. Rc2 Rh8 25.
d5 hxg3 26. fxg3 gxh3 27. Qd4+ f6 28. Kh2 cxd5 29. Rxc8 Bxf4 30. exf4 Qg4 31. Rc2 Rc8 32.
Rdc1 Qf3 33. Bxd5 Rxc2+ 34. Rxc2 Qxf1 35. Bxe4 fxe4 36. Qxe4 Rd8 37. Qe2 Qxe2+ 38. Rxe2 Rd7 39. Kxh3 Kg6 40. Kg4 f5+ 41. Kf3 Kf6 42. Re3 Rd2 43. Rb3 b6 44. Rb4 Rd3+ 45. Kf2 Ke6 46. a4 Kd5 47. Rb5+ Ke4 48. Re5+ Kd4 49. Rxf5 Rd2+ 50. Kf3 Rxb2 51. a5 b5 52. Rf7 b4 53. Rxa7 b3 54. Rb7 Kc3 55. a6 Ra2 56. a7 b2 57. f5 Rxa7 58. Rb8 Ra8 59. Rb7 Ra7 60. Rb5 Ra5 61. Rxb2 Kxb2 62. Kf4 Kc3 63. g4 Kd4 64. g5 Ra1 65. g6 Rf1+ 66. Kg5 Ke5 67. g7 Rg1+ 68. Kh6 Kf6 69. Kh7 Rxg7+ 70. Kh8 Rg5 0-1

[Event "*** Titled Tuesday Blitz"]
[Site "Chess.com"]
[Date "2020.05.12"]
[Round "5"]
[White "zala02"]
[Black "umngqusho"]
[Result "1-0"]
[WhiteElo "2268"]
[BlackElo "2447"]
[TimeControl "180+1"]
[EndTime "10:57:11 PDT"]
[Termination "zala02 won by resignation"]

1. d4 Nf6 2. c4 e6 3. Nc3 Bb4 4.
Nf3 O-O 5. Bg5 d5 6. e3 h6 7. Bh4 b6 8. cxd5 exd5 9. Rc1 Be7 10. Bd3 c5 11. O-O c4 12. Bb1 Nc6 13. Re1 Bg4 14.
h3 Bh5 15. g4 Bg6 16. Bxg6 fxg6 17. Bg3 Bd6 18. Ne5 Rc8 19. Nxg6 Bxg3 20. fxg3 Re8 21.
Qf3 Nb4 22. Rf1 Qd6 23. Ne5 Rxe5 24. dxe5 Qxe5 25. Ne2 Nd3 26. Rc2 Nxb2 27. Nd4 Nd3 28. Kg2 Re8 29. Nf5 Kh7 30. Re2 Re6 31. h4 Ne4 32. g5 Rg6 33. gxh6 gxh6 34. h5 Rg5 35.
Kh2 Nf6 36. Rg2 Rxh5+ 37. Nh4 Kg7 38. Qf4 Nxf4 39. gxf4+ Kh7 40. fxe5 Rxh4+ 41. Kg3 Re4 42. exf6 Rxe3+ 43. Rf3 Re8 44. f7 Rf8 45. Kf2 h5 46.
Rg5 h4 47. Rxd5 Kg6 48. Rd6+ Kg7 49. Rd4 h3 50. Rh4 Rxf7 51. Rxf7+ Kxf7 52. Rxh3 b5 53. Ke2 Ke6 54. Kd2 Kd5 55. Kc3 a6 56. a3 Kc5 57.
Rh5+ Kb6 58. Rh6+ Ka5 59. Rh5 Ka4 60. Kb2 a5 61. Rh4 b4 62. axb4 Kxb4 63. Rh3 a4 64. Rc3 Kc5 65. Ka3 Kd4 66. Kb4 a3 67. Rxa3 Kd5 68. Rc3 1-0

[Event "*** Titled Tuesday Blitz"]
[Site "Chess.com"]
[Date "2020.05.12"]
[Round "5"]
[White "TigrVShlyape"]
[Black "wild_cat99"]
[Result "1-0"]
[WhiteElo "2826"]
[BlackElo "2596"]
[TimeControl "180+1"]
[EndTime "10:57:13 PDT"]
[Termination "TigrVShlyape won by checkmate"]

1. d4 Nf6 2. Nf3 g6 3. Bf4 Bg7 4. c3 O-O 5. Nbd2 d6 6. h3 b6 7. e3 Bb7 8. a4 a5 9. Bb5 Nbd7 10. O-O e6 11. Re1 Qe7 12. e4 e5 13. Bg5 h6 14. Bh4 g5 15. Bg3 c6 16. Bf1 Nh5 17.
Bh2 Nf4 18. Qb3 Kh8 19. Nc4 Ba6 20. Rad1 Rfd8 21. Qa3 exd4 22. Nxd4 Bxc4 23. Bxc4 Ne5 24. Bf1 Qf6 25. Re3 g4 26. Nf5 Nd5 27. exd5 Qxf5 28. dxc6 gxh3 29. Rxh3 Nxc6 30. Rxd6 Ne5 31. Bxe5 Qxe5 32.
Rhd3 Rg8 33. Qb3 Qf4 34. Qd5 Be5 35. Rxh6+ Qxh6 36. Qxe5+ Rg7 37. Rd6 Qh7 38. Bd3 Qh4 39. g3 Qh3 40. Rd4 Kg8 41. Bf1 Qe6 42. Qxe6 fxe6 43. Rd6 Rg4 44. Bb5 Re8 45. Rxb6 Re7 46. Kg2 e5 47. Ra6 e4 48. Rxa5 e3 49. Be2 Rgg7 50. f4 Rd7 51. Kf3 Rd2 52. b4 Rb2 53. Re5 Rc2 54. Rxe3 Rc7 55. c4 Ra2 56. a5 Ra4 57.
Rb3 Rb7 58. b5 Rxa5 59. c5 Kf7 60. c6 Rb6 61. Rc3 Ra8 62. g4 Ke7 63. g5 Kd6 64. f5 Rf8 65. f6 Ke6 66. Re3+ Kf5 67. Bc4 Kxg5 68. f7 Kg6 69. Re8 Rxf7+ 70. Bxf7+ Kxf7 71. c7 Kxe8 72. c8=Q+ Ke7 73. Qc7+ Ke6 74. Qxb6+ Kd5 75. Qc7 Kd4 76. b6 Kd3 77. b7 Kd4 78. b8=Q Kd3 79. Qbd8# 1-0

[Event "*** Titled Tuesday Blitz"]
[Site "Chess.com"]
[Date "2020.05.12"]
[Round "5"]
[White "TenisMaster"]
[Black "SahaNeelash"]
[Result "0-1"]
[WhiteElo "2841"]
[BlackElo "2535"]
[TimeControl "180+1"]
[EndTime "10:57:14 PDT"]
[Termination "SahaNeelash won by resignation"]

1. e4 c6 2. Nf3 d5 3. d3 dxe4 4.
dxe4 Qxd1+ 5. Kxd1 Nf6 6. Nbd2 Bg4 7. Be2 Nbd7 8. Ne1 O-O-O 9. f3 Be6 10. Nd3 Nb6 11. a4 Nc4 12. Nb3 Ne5 13. Nc5 Nxd3 14. cxd3 Bd7 15. Be3 e5 16. a5 Kb8 17. b4 Bc8 18. Rb1 Nd7 19. Kd2 Nxc5 20. bxc5 a6 21. Rhc1 Be7 22. f4 f6 23. Rf1 Rhf8 24. h3 Ka8 25. Bg4 Kb8 26. Ke2 Bxg4+ 27. hxg4 Kc7 28. Rb3 h6 29. Rfb1 Rb8 30. g3 Rfd8 31. Rb4 Rd7 32. d4 exd4 33. Bxd4 Kc8 34. Ke3 Bd8 35. Ra4 Bc7 36.
Rf1 Re7 37. Bc3 Kd7 38. Rd4+ Ke8 39. Rb1 Rd8 40. Rxd8+ Kxd8 41. Kf3 Kc8 42. Rb2 Re8 43. Rd2 Re7 44. Ke3 Re8 45. Rh2 Re7 46. Rh5 Kd7 47. Kf3 Ke8 48. g5 hxg5 49. fxg5 fxg5 50. Rxg5 Kf8 51.
Rh5 Kg8 52. e5 Bd8 53. Ke4 Rd7 54. e6 Re7 55. Kf5 Bc7 56. Be5 Bxa5 57. Bd6 Re8 58. Ke5 Bd8 59. Rf5 Bf6+ 60. Kf4 Be7 61. g4 Bxd6+ 62. cxd6 Rxe6 63. Re5 Rxd6 64. Re7 b5 65. Kf5 Rf6+ 66. Ke5 Kh7 67. g5 Rg6 68. Kf5 a5 69. Ra7 a4 70. Ra8 Rd6 71. Kg4 Kg6 0-1

[Event "*** Titled Tuesday Blitz"]
[Site "Chess.com"]
[Date "2020.05.12"]
[Round "5"]
[White "Sanyura"]
[Black "Zarikovs1999"]
[Result "0-1"]
[WhiteElo "2497"]
[BlackElo "2382"]
[TimeControl "180+1"]
[EndTime "10:57:14 PDT"]
[Termination "Zarikovs1999 won by resignation"]

1. e4 c5 2. Nf3 Nf6 3. Nc3 Nc6 4. d4 cxd4 5. Nxd4 d6 6. Bg5 e6 7. Qd2 Be7 8. O-O-O a6 9. h4 Qb6 10. Nb3 Bd7 11. f3 Rc8 12. Be3 Qc7 13. Na4 Nb4 14. Nc3 b5 15. a3 Nc6 16. Bf4 Ne5 17.
Be2 Qb7 18. Bxe5 dxe5 19. g4 Bc6 20. g5 Nh5 21. Na5 Qc7 22. Nxc6 Qxc6 23. Na2 Nf4 24.
Rh2 O-O 25. Kb1 a5 26. Bf1 Qb6 27. Qf2 Bc5 28. Qe1 b4 29. axb4 axb4 30. Bc4 Bd4 31. Bb3 Rfd8 32. Qxb4 Qa7 33. Rhd2 Rb8 34. Qa3 Qc7 35. c3 Be3 36. Rxd8+ Rxd8 37. Rxd8+ Qxd8 38. Qa6 h6 39. gxh6 Qxh4 40. Nb4 Qe1+ 41. Ka2 Ne2 42.
Nc6 Nc1+ 43. Ka3 Nxb3 44. Kxb3 Qd1+ 45. Ka2 Qxf3 46. Ne7+ Kh7 47. hxg7 Kxg7 48. Qc4 Bf4 49. Qc8 Kf6 50. Ng8+ Kg7 51. Qd8 Qxe4 52. Nf6 Qb7 53.
Ne8+ Kg6 54. Nd6 Qa7+ 55. Kb1 Kh5 56. Qh8+ Kg4 57. Qg7+ Kf3 58. Qh7 Qe3 59. Ka2 Qa7+ 60. Kb1 Qg1+ 61. Kc2 Qb6 62. Qe4+ Kf2 63. Nc4 Qc5 64.
b4 Qd5 65. Qxd5 exd5 66. Nd6 f6 67. b5 e4 68. Ne8 e3 69. Nxf6 e2 70. Nxd5 e1=Q 71.
Nxf4 Qe4+ 72. Nd3+ Ke2 73. b6 Qxd3+ 74. Kb3 Qb5+ 75.
Ka3 Qxb6 76. c4 Qc5+ 77. Kb3 Kd3 78. Ka4 Qxc4+ 79. Ka5 Qb3 0-1

[Event "*** Titled Tuesday Blitz"]
[Site "Chess.com"]
[Date "2020.05.12"]
[Round "5"]
[White "Azerichess"]
[Black "Supernotar"]
[Result "1-0"]
[WhiteElo "3041"]
[BlackElo "2765"]
[TimeControl "180+1"]
[EndTime "10:57:17 PDT"]
[Termination "Azerichess won by checkmate"]

1. d4 d5 2. c4 dxc4 3. e3 Nf6 4. Nf3 e6 5. Bxc4 a6 6. O-O b5 7. Be2 Bb7 8. b3 Nbd7 9. Bb2 c5 10. a4 b4 11. Nbd2 Be7 12. Rc1 O-O 13. Nc4 Qc7 14.
dxc5 Bxc5 15. Nfe5 Rfd8 16. Qe1 Rac8 17. Nxd7 Nxd7 18.
f3 Bd5 19. Kh1 Ba8 20. e4 Qf4 21. Qg3 Qh6 22. Rfd1 Be7 23. Nd6 Rxc1 24. Bxc1 Qf6 25. Nc4 Nf8 26. Rxd8 Bxd8 27. Bb2 Qh6 28. h3 Bh4 29. Qb8 Qg5 30. Bf1 Qc5 31. Qe5 Qxe5 32. Nxe5 Bb7 33. Bd4 Bf6 34. f4 Ng6 35. Nxg6 Bxd4 36.
Ne5 Bxe5 37. fxe5 a5 38. Bd3 Kf8 39. Kg1 Ke7 40. Kf2 Kd7 41. Ke3 Kc6 42. Kd4 Kb6 43.
Bb5 Bc8 44. Be8 f6 45. g4 h6 46. h4 fxe5+ 47. Kxe5 Kc5 48. g5 hxg5 49. hxg5 Bb7 50. Bf7 Bc8 51. Bxe6 Bxe6 52. Kxe6 Kd4 53. Kf7 Kc3 54. e5 Kxb3 55. e6 Ka2 56. e7 b3 57.
e8=Q b2 58. Qe6+ Ka1 59. Qe5 Ka2 60. Qd5+ Ka1 61. Qd4 Ka2 62. Qd2 Ka1 63. Qc3 Ka2 64.
Qc2 Ka1 65. Kxg7 b1=Q 66. Qxb1+ Kxb1 67. g6 Kb2 68. Kf6 Kb3 69. g7 Kxa4 70. g8=Q Ka3 71. Ke5 a4 72. Kd4 Kb2 73. Qb8+ Ka2 74. Kc3 Ka3 75. Kc2 Ka2 76. Qb2# 1-0

[Event "*** Titled Tuesday Blitz"]
[Site "Chess.com"]
[Date "2020.05.12"]
[Round "5"]
[White "Didici"]
[Black "dianosky"]
[Result "1-0"]
[WhiteElo "2625"]
[BlackElo "2410"]
[TimeControl "180+1"]
[EndTime "10:57:17 PDT"]
[Termination "Didici won by resignation"]

1. d4 d5 2. c4 dxc4 3. e4 a6 4. Bxc4 b5 5. Bd3 Bb7 6. Nf3 e6 7. O-O Nf6 8. Qe2 c5 9. dxc5 Bxc5 10. Rd1 Qb6 11. h3 Nbd7 12. Nbd2 O-O 13. Nb3 Be7 14.
Be3 Qd8 15. Bd4 Rc8 16. a4 Qc7 17. axb5 axb5 18. Ra7 Qb8 19. e5 Nh5 20. Bxb5 Rfd8 21. Be3 Bxf3 22. gxf3 Nxe5 23. Rxd8+ Bxd8 24. f4 Ng6 25.
Qxh5 Bb6 26. Rd7 Bxe3 27. fxe3 Qb6 28. Nd4 Rc1+ 29. Kf2 Qa5 30. Qe2 Rc5 31. Nb3 Qxb5 32. Nxc5 Qxc5 33. Rd8+ Nf8 34. Qd2 Qe7 35. Qd6 Qxd6 36.
Rxd6 f5 37. b4 Kf7 38. b5 Ke7 39. Ra6 Nd7 40. b6 Nc5 41. Ra7+ Kd6 42. Rxg7 Kc6 43.
Rxh7 Kxb6 44. h4 Kc6 45. h5 Ne4+ 46. Ke2 Nf6 47. Rh8 Kd7 48. h6 Ke7 49. Kd3 Kf7 50. Kd4 Ng4 51. h7 Kg7 52. Re8 Kxh7 53. Rxe6 Kg7 54. Ra6 Kf7 55. e4 fxe4 56. Kxe4 Nf6+ 57.
Kf5 Nd5 58. Ra7+ Ne7+ 59. Ke5 Kf8 60. Rc7 Ng6+ 61. Ke4 Ne7 62. f5 Ke8 63. Ke5 Kd8 64. Rc5 Kd7 65. f6 Ng6+ 66. Kf5 Nh4+ 67. Kg5 Nf3+ 68.
Kg6 Kd6 69. f7 Nh4+ 70. Kf6 Kxc5 71. f8=Q+ Kd4 72. Kg5 1-0

[Event "*** Titled Tuesday Blitz"]
[Site "Chess.com"]
[Date "2020.05.12"]
[Round "5"]
[White "sopo-tereladze"]
[Black "EddieMarsalla"]
[Result "0-1"]
[WhiteElo "2385"]
[BlackElo "2531"]
[TimeControl "180+1"]
[EndTime "10:57:18 PDT"]
[Termination "EddieMarsalla won on time"]

1. e4 d5 2. exd5 Qxd5 3. Nc3 Qe5+ 4. Qe2 Qxe2+ 5. Bxe2 c6 6. Nf3 Nf6 7. O-O Bf5 8. d3 Nbd7 9. Bg5 h6 10. Bh4 e6 11.
Rfe1 Bb4 12. a3 Bd6 13. Bg3 Bxg3 14. hxg3 O-O 15. Rad1 Rfe8 16. b4 a6 17. Nd4 Bg6 18. Na4 Rad8 19. Nb3 Re7 20. Bf3 Ne8 21. Nbc5 Nxc5 22.
Nxc5 Kf8 23. Rb1 Nd6 24. Kf1 Nb5 25. a4 Nd4 26. Rb2 b6 27. Nb3 Nxf3 28. gxf3 Rb7 29. Nc1 Ke7 30. Ne2 Rdd7 31. Reb1 f6 32. Ke1 e5 33.
Nc3 Bh5 34. g4 Bf7 35. Ke2 Rd4 36. Ne4 Rd8 37. Ng3 Be6 38. Nh5 Kf7 39. Ng3 Rdb8 40. Ne4 Ke7 41. Nd2 Bd5 42. Ke3 Rd8 43. Nf1 g6 44.
Ng3 Kf7 45. Rh1 Kg7 46. Rh2 Rf7 47. Rb1 f5 48. gxf5 gxf5 49. f4 Re8 50. Kd2 Bf3 51. fxe5 Rxe5 52. Rg1 Kh7 53. Rb1 Rfe7 54. Kc3 f4 55.
Nf1 a5 56. Nd2 axb4+ 57. Rxb4 Rc5+ 58. Kb2 Bd1 59. c4 Bg4 60. Kc3 Bf5 61. Nb3 Rce5 62. Rxb6 Rd7 63. Nd4 Re6 64. Nxf5 Rf6 65. Nd4 c5 66.
Nc6 Rdd6 67. Rb7+ Kg6 68. Ne5+ Kg5 0-1